AoeStats
← Mknolix

Arena

510077783Analyzed
4v4 RM · 5d ago on Sep 29, 2026· 38m 43s· 8 players
Game mode
Random Map
Map size
Large (8 player)
Population
200
Speed
Normal
Resources
Standard
Victory
Conquest
Starting age
Dark Age
Ending age
Imperial Age
RankedLock teamsTeams togetherTeam positionsShared explorationLock speedFull tech treeHidden civsTurbo modeCheats
Victory
Defeat
🇨🇳 Danes · China
1192
+14
🇨🇳 Portuguese · China
1161
+15
🇨🇳 Saracens · China
1054
+20
🇨🇳 Sicilians · China
1033
+20
🇮🇳 Malians · India
1180
-19
🇩🇰 Bulgarians · Denmark
1150
-18
🇦🇷 Vietnamese · Argentina
1139
-17
🇦🇺 Turks · Australia
1092
-15
ChrisB
11:15 Feudal Age
15:09 Castle Age
13:10 Horse Collar
13:22 Double-Bit Axe
15:13 Stone Mining
16:16 Loom
23:14 Scale Barding Armor
23:20 Forging
25:19 Husbandry
25:30 Bloodlines
25:22 Squires
25:46 Chain Barding Armor
26:47 Wheelbarrow
26:59 Iron Casting
26:26 Scale Mail Armor
26:35 Fletching
27:18 Heavy Plow
28:05 Bodkin Arrow
28:56 Ballistics
28:36 Gold Mining
29:07 Bow Saw
34:07 Imperial Age
33:07 Chain Mail Armor
33:24 Light Cavalry
36:03 Plate Mail Armor
36:10 Plate Barding Armor
Mknolix
10:49 Feudal Age
14:42 Castle Age
12:50 Double-Bit Axe
13:08 Horse Collar
14:05 Loom
15:32 Wheelbarrow
16:45 Bow Saw
21:13 Hand Cart
21:02 Heavy Plow
27:48 Imperial Age
25:15 Treadmill Crane
26:05 Masonry
27:13 Husbandry
27:19 Scale Barding Armor
27:50 Fortified Wall
28:03 Bloodlines
28:56 Chain Barding Armor
30:00 Chemistry
29:07 Siege Engineers
30:20 Paper Money
30:01 Chatras
30:11 Elite Battle Elephant
32:31 Two-Man Saw
32:07 Crop Rotation
34:01 Plate Barding Armor
33:37 Forging
35:48 Iron Casting
35:03 Fletching
35:14 Padded Archer Armor
35:15 Crossbowman
36:30 Ballistics
36:21 Thumb Ring
chromies
11:40 Feudal Age
13:46 Wheelbarrow
13:56 Loom
17:33 Castle Age
16:41 Horse Collar
18:20 Heavy Plow
23:26 Double-Bit Axe
26:35 Padded Archer Armor
26:25 Fletching
28:50 Bow Saw
29:25 Hand Cart
30:19 Leather Archer Armor
29:59 Bodkin Arrow
30:50 Gold Mining
30:55 Stone Mining
31:28 Caravan
32:28 Ballistics
32:18 Masonry
37:00 Imperial Age
35:15 Gold Shaft Mining
34:26 Town Watch
34:50 Scale Barding Armor
34:56 Forging
35:12 Bloodlines
35:03 Husbandry
36:34 Chain Barding Armor
36:49 Iron Casting
37:52 Artillery
38:14 Conscription
38:19 Sipahi
37:20 Elite Janissary
38:22 Conscription
37:26 Elite Janissary
38:13 Bracer
38:43 Ring Archer Armor
NaBhai
11:35 Feudal Age
16:12 Castle Age
14:55 Double-Bit Axe
14:50 Horse Collar
17:16 Bow Saw
18:11 Heavy Plow
18:50 Loom
18:53 Town Watch
22:18 Wheelbarrow
24:15 Gold Mining
24:49 Hand Cart
29:22 Imperial Age
27:34 Gold Shaft Mining
27:29 Squires
27:31 Scale Mail Armor
28:14 Chain Mail Armor
29:03 Forging
30:42 Plate Mail Armor
30:43 Arson
32:03 Ballistics
32:25 Elite Gbeto
34:46 Scale Barding Armor
35:17 Iron Casting
35:35 Chain Barding Armor
35:27 Bloodlines
35:18 Husbandry
34:40 Cavalier
35:47 Padded Archer Armor
35:37 Fletching
JCUP
11:27 Feudal Age
15:04 Castle Age
14:03 Horse Collar
15:50 Double-Bit Axe
17:13 Bow Saw
24:22 Wheelbarrow
23:32 Loom
24:23 Fletching
24:28 Gold Mining
24:47 Heavy Plow
29:09 Imperial Age
26:38 Bodkin Arrow
26:56 Crossbowman
28:41 Gold Shaft Mining
28:42 Hand Cart
28:51 Padded Archer Armor
30:16 Conscription
30:19 Ballistics
29:24 Arbalester
31:59 Chemistry
31:26 Leather Archer Armor
32:02 Thumb Ring
34:05 Bracer
34:57 Capped Ram
35:11 Elite Skirmisher
36:23 Ring Archer Armor
TearsOfDisdain8
9:52 Feudal Age
13:40 Castle Age
11:51 Double-Bit Axe
12:36 Horse Collar
23:54 Wheelbarrow
26:09 Loom
29:11 Imperial Age
27:06 Bow Saw
27:01 Heavy Plow
27:40 Squires
27:46 Scale Mail Armor
28:07 Gold Mining
28:08 Stone Mining
28:39 Gambesons
29:10 Chain Mail Armor
29:06 Forging
29:51 Hand Cart
29:19 Capped Ram
30:24 Conscription
31:03 Plate Mail Armor
31:10 Iron Casting
30:36 Arson
30:16 Elite Varangian Guard
31:17 Hamask
32:23 Pikeman
34:18 Blast Furnace
33:09 Fletching
33:04 Halberdier
34:33 Arson
36:12 Chemistry
34:48 Heavy Scorpion
35:56 Elite Jomsviking
35:57 Northmen's Fury
36:29 Onager
37:46 Siege Onager
39:23 Siege Engineers
39:40 Ballistics
Yakamoon
11:08 Feudal Age
11:57 Double-Bit Axe
15:14 Castle Age
14:41 Horse Collar
16:37 Bow Saw
19:48 Fletching
21:44 Wheelbarrow
21:25 Gold Mining
22:10 Bodkin Arrow
23:32 Hand Cart
24:18 Ballistics
26:49 Padded Archer Armor
27:00 Husbandry
29:43 Imperial Age
27:09 Loom
27:39 Bloodlines
28:34 Leather Archer Armor
29:20 Gold Shaft Mining
30:54 Conscription
29:59 Cranequins
30:49 Bracer
31:47 Heavy Mounted Crossbowman
33:59 Chemistry
33:20 Light Cavalry
34:08 Scale Barding Armor
34:13 Forging
36:12 Chain Barding Armor
36:02 Forging
39:51 Plate Barding Armor
39:51 Iron Casting
Cat direction
1:41 Loom
10:18 Feudal Age
11:10 Double-Bit Axe
11:49 Horse Collar
14:12 Castle Age
14:53 Heavy Plow
15:29 Bow Saw
17:13 Loom
20:40 Stone Mining
20:46 Gold Mining
26:09 Wheelbarrow
29:47 Imperial Age
27:59 Hand Cart
28:28 Stone Shaft Mining
27:43 Town Watch
28:56 Scale Mail Armor
29:06 Forging
29:27 Ballistics
29:03 Pikeman
29:30 Arson
30:20 Chain Mail Armor
30:10 Town Patrol
30:48 Conscription
29:49 Elite Organ Gun
31:35 Chemistry
30:15 Treadmill Crane
32:33 Bombard Tower
32:43 Guilds
33:33 Arquebus
33:25 Fletching
34:17 Bodkin Arrow
34:59 Iron Casting
34:39 Murder Holes
34:56 Masonry
35:51 Coinage
35:22 Bracer
35:55 Siege Engineers
37:15 Two-Man Saw
36:52 Crop Rotation
37:32 Onager
39:13 Plate Mail Armor
39:44 Blast Furnace
38:18 Halberdier
Connection lost

Rejoining the realm…

Still unreachable

The connection could not be restored.

Session expired

The server has moved on; the page needs a fresh start.